 Dungeon Crawl Stone Soup version 0.18.1-48-g4cf74bf (webtiles) character file.

76920 HEYYEYAAE the Frost Mage (level 15, -9/130 HPs)
             Began as a Grey Draconian Ice Elementalist on Aug 26, 2016.
             Was the Champion of Kikubaaqudgha.
             Mangled by a spatial vortex (10 damage)
             ... summoned by a spatial maelstrom
             ... on level 4 of the Abyss.
             The game lasted 01:21:59 (29160 turns).

HEYYEYAAE the Frost Mage (DrIE)                    Turns: 29160, Time: 01:21:59

Health: -9/130     AC: 22    Str: 12      XL:     15   Next: 13%
Magic:  35/35      EV: 13    Int: 24      God:    Kikubaaqudgha [******]
Gold:   2055       SH:  6    Dex: 11 (14) Spells: 10 memorised, 17 levels left

rFire  . . .     SeeInvis .     r - +8 mace (drain)
rCold  . . .     Gourm    .     (armour unavailable)
rNeg   . . .     Faith    .     I - +0 shield {AC+3}
rPois  .         Spirit   .     (helmet restricted)
rElec  .         Dismiss  .     y - +1 cloak
rCorr  +         Reflect  .     l - +0 pair of gloves of Kikubaaqudgha's Anger {rCorr Str+2 Dex+4} (curse)
SustAt .         Harm     .     Z - +1 pair of boots {Fly}
MR     +....     Rnd*Rage +     D - amulet of regeneration
Stlth  ++........               B - ring of magical power
                                M - +4 ring of intelligence

@: about to teleport, flying, somewhat resistant to hostile enchantments,
unstealthy
A: walk through water, unfitting armour, berserk 2, clumsy 2, low mp 2,
screaming 1, unbreathing, no device heal 1, cold-blooded, AC +14
a: Receive Corpses, Torment, Brand Weapon With Pain, Receive Necronomicon,
Renounce Religion, Stop Flying


You were on level 4 of the Abyss.
You worshipped Kikubaaqudgha.
Kikubaaqudgha was exalted by your worship.
You were full.

You visited 4 branches of the dungeon, and saw 23 of its levels.
You visited the Abyss 1 time.
You also visited: Sewer and Bailey.

You collected 3102 gold pieces.
You spent 1009 gold pieces at shops.

Inventory:

Hand Weapons
 r - a +8 mace of draining (weapon)
 S - a +1 quarterstaff of freezing
Armour
 l - the cursed +0 pair of gloves of Kikubaaqudgha's Anger (worn) {rCorr Str+2 Dex+4}
   (You bought it in a shop on level 2 of the Orcish Mines)

   It affects your strength (+2).
   It affects your dexterity (+4).
   It protects you from acid and corrosion.
   It has a curse placed upon it.
 y - a +1 cloak (worn)
 I - a +0 shield of protection (worn)
 Z - a +1 pair of boots of flying (worn)
Magical Staves
 q - an uncursed staff of cold
Jewellery
 o - an uncursed ring of fire
 B - a ring of magical power (right hand)
 D - an amulet of regeneration (around neck)
 F - an uncursed ring of poison resistance
 M - a +4 ring of intelligence (left hand)
 N - an uncursed ring of ice
 Q - an uncursed ring of magical power
 V - an uncursed ring of resist corrosion
Wands
 a - a wand of acid (0/15)
 g - a wand of teleportation (4/9)
 s - a wand of polymorph (13/24)
 u - a wand of lightning (10/15)
 L - a wand of iceblast (2/15)
 O - a wand of confusion (17/48)
 P - a wand of flame (20/48)
 R - a wand of iceblast (3/15)
 T - a wand of disintegration (0/24)
Scrolls
 h - 2 scrolls of fog
 j - 5 scrolls of remove curse
 p - a scroll of holy word
 v - 2 scrolls of recharging
 E - 2 scrolls of magic mapping
 W - a scroll of enchant armour
Potions
 d - a potion of curing
 i - a potion of experience
 k - a potion of magic {unknown}
 m - 4 potions of berserk rage
 w - a potion of brilliance
 z - a potion of might
 C - a potion of resistance {unknown}
 U - 2 potions of lignification {unknown}
 X - 2 potions of agility {unknown}
 Y - a potion of invisibility {unknown}
Miscellaneous
 c - a lamp of fire
Comestibles
 b - 12 bread rations
 f - 11 meat rations
 x - 19 fruits


   Skills:
 + Level 11.6 Fighting
 + Level 1.0 Staves
 + Level 9.7 Dodging
 - Level 1.7 Stealth
 * Level 13.5 Spellcasting
 - Level 1.0 Conjurations
 * Level 14.5 Ice Magic
 + Level 9.8 Evocations


You had 17 spell levels left.
You knew the following spells:

 Your Spells              Type           Power        Failure   Level  Hunger
a - Throw Frost           Conj/Ice       ######       1%          2    None
b - Throw Icicle          Conj/Ice       ######..     12%         4    None
c - Summon Ice Beast      Ice/Summ       ######..     14%         4    None
d - Blink                 Tloc           N/A          45%         2    None
e - Shroud of Golubria    Chrm/Tloc      ###.......   45%         2    None
f - Sublimation of Blood  Necr           ###.......   45%         2    None
g - Ozocubu's Armour      Chrm/Ice       ######..     4%          3    None
h - Freeze                Ice            ####         1%          1    None
i - Vampiric Draining     Necr           ###.......   85%         3    None
j - Summon Butterflies    Summ           ###.....     30%         1    None


Dungeon Overview and Level Annotations

Branches:
Dungeon (12/15)            Temple (1/1) D:5            Lair (8/8) D:8
 Shoals (0/4) Lair:4        Snake (0/4) Lair:4        Slime (0/6) Lair:8
    Orc (2/2) D:11            Elf (0/3) Orc:2

Altars:
Ashenzari
Cheibriados
Dithmenos
Elyvilon
Fedhas
Gozag
Kikubaaqudgha
Makhleb
Nemelex Xobeh
Okawaru
Pakellas
Qazlal
Ru
Sif Muna
Trog
Vehumet
Yredelemnul
The Shining One
Beogh
Jiyva

Shops:
D:4 *   D:7 =   Orc:2 [(**

Portals:
Hell: Lair:8

Annotations:
Lair:8 1 runed door


Innate Abilities, Weirdness & Mutations

You can walk through water.
Your dull iron-grey scales are very hard (AC +14).
Your body does not fit into most forms of armour.
You can survive without breathing.
You are cold-blooded and may be slowed by cold attacks.
You occasionally shout uncontrollably at your foes.
Potions and wands are less effective at restoring your health.
[You often lose your temper in combat.]
[You are very clumsy. (Dex -4)]
[Your magical capacity is very low (-20% MP).]


Message History

The spatial maelstrom hits you.
* * * LOW HITPOINT WARNING * * *
You blink.
You shout at the spatial vortex! 4 spatial vortices come into view.
Drink which item? (? for menu, Esc to quit)
Okay, then.
Read which item? (? for menu, Esc to quit)
Okay, then.
Drink which item? (? for menu, Esc to quit)
You feel better.
The spatial vortex moves out of view.
The spatial vortex misses you. The spatial vortex hits you!
* * * LOW HITPOINT WARNING * * *
Space warps horribly around you!
* * * LOW HITPOINT WARNING * * *
You block the spatial maelstrom's attack.
The spatial maelstrom closely misses you.
The spatial vortex hits you!
You die...
Kikubaaqudgha rasps: "You have failed me!
Welcome... death!"

# .#....#..#..≈
.#..######§.. ..≈
..........v.###
.......v..v...# .≈X
######v.vv..###.≈≈≈≈
#####vv....v## ≈≈≈≈≈
#


##vv.v.vvvv# .v.≈≈ #v.vvvvvvv.##v≈.≈≈ #vv.v.v.@vv#vv... ...vvvvvvvvvv.##
#.φ.vv.#.vvvvv§# ...v.###v.#§..# ########v.#...# ########..§.#.§ ########v.≈.#
## ########..≈≈≈ ## ######..≈≈≈ You could see 9 spatial maelstroms and 42
spatial vortices.

Vanquished Creatures
  Azrael (Orc:2)
  An ogre mage (Orc:1)
  Fannar (Lair:1)
  5 hydras
  4 death yaks
  2 orc high priests (Orc:2)
  An unseen horror (D:10)
  11 hill giants
  3 orc knights
  5 wizards (D:12)
  7 orc sorcerers
  2 cyclopes
  An ugly thing (D:12)
  2 griffons
  6 elephants
  3 black mambas
  An orange demon (Lair:8)
  20 spiny frogs
  6 komodo dragons
  A gargoyle (D:11)
  A rime drake (Lair:8)
  3 ice devils (Lair:8)
  A snapping turtle (Lair:4)
  13 blink frogs
  A spriggan (Lair:1)
  A wyvern (D:11)
  A water elemental (D:12)
  2 fire elementals (Orc:1)
  2 hogs (Lair:6)
  28 yaks
  2 basilisks (Lair:1)
  3 hungry ghosts
  9 hippogriffs
  Menkaure (D:7)
  A vampire mosquito (D:12)
  6 wargs (Orc:1)
  9 water moccasins
  5 hell hounds
  4 nagas (Lair:4)
  A soldier ant (D:10)
  7 porcupines
  18 orc warriors
  4 sky beasts
  2 ice beasts
  A black bear (D:8)
  2 wasps
  A necrophage (D:10)
  13 ogres
  13 wolves
  2 centaurs
  7 crocodiles
  A big kobold (D:7)
  18 giant frogs
  8 killer bees (D:8)
  A troll zombie (D:11)
  2 scorpions (D:4)
  2 howler monkeys (D:7)
  4 crimson imps
  A wasp zombie (D:8)
  A giant frog zombie (D:11)
  3 hounds
  14 orc priests
  A giant frog skeleton (D:8)
  A jelly (D:11)
  5 iguanas
  Jessica (D:2)
  Terence (D:2)
  17 orc wizards
  6 worker ants
  3 ogre zombies (D:11)
  A hound zombie (D:11)
  A hound skeleton (D:11)
  2 howler monkey zombies
  53 river rats
  11 adders
  4 shadow imps
  2 oozes
  3 adder zombies
  An adder skeleton (D:7)
  6 worms
  4 dart slugs
  10 giant geckos
  68 orcs
  9 giant cockroaches
  17 goblins
  15 hobgoblins
  15 jackals
  6 quokkas
  6 ball pythons
  7 bats
  8 giant newts
  2 goblin skeletons (D:11)
  3 goblin zombies (D:11)
  2 hobgoblin zombies (D:11)
  19 kobolds
  An orc skeleton (D:11)
  5 orc zombies (D:11)
  11 rats
  A plant (Sewer)
630 creatures vanquished.

Vanquished Creatures (collateral kills)
  Saint Roka (Orc:1)
  Kirke (Lair:8)
  A fire giant (Orc:1)
  Nessos (Orc:2)
  A dire elephant (Lair:8)
  5 hydras
  2 death yaks (Lair:4)
  An orc high priest (Orc:2)
  A sun demon (Lair:8)
  2 hill giants (Orc:1)
  A deep elf mage (D:12)
  2 orc knights (Orc:2)
  A griffon (Lair:8)
  3 cyclopes
  A sixfirhy (Lair:8)
  Maurice (D:9)
  2 black mambas
  5 elephants
  2 smoke demons
  2 orange demons (Lair:8)
  5 spiny frogs
  6 komodo dragons
  2 rime drakes
  2 red devils (Lair:8)
  2 trolls (Orc:2)
  11 blink frogs
  A boulder beetle (Lair:8)
  A hill giant zombie (D:11)
  2 hogs (Lair:6)
  10 yaks
  A wyvern (D:12)
  2 hippogriffs
  3 basilisks
  2 fire elementals (Orc:2)
  A hungry ghost (D:11)
  3 wargs
  9 water moccasins
  2 hell hounds (Orc:2)
  3 porcupines
  14 orc warriors
  An ogre (Orc:1)
  7 wolves
  4 crocodiles
  2 giant frogs
  5 orc wizards
  4 orc priests
  6 sheep (Lair:4)
  3 ogre zombies (D:11)
  12 river rats
  A giant gecko (D:11)
  20 orcs
  2 goblin zombies (D:11)
  2 hobgoblin skeletons (D:11)
  2 orc skeletons (D:11)
  6 orc zombies (D:11)
  5 fungi
  A plant (Lair:8)
201 creatures vanquished.

Vanquished Creatures (others)
  A death yak (Lair:4)
  A black mamba (Lair:8)
  A wizard (Lair:8)
  A warg (Orc:1)
  A water moccasin (Lair:8)
  2 orc wizards (Orc:2)
  An orc (Orc:2)
  21 fungi
  A lurking horror (Abyss:3)
  3 plants (Lair:8)
  10 starspawn tentacles (Abyss:3)
  38 starspawn tentacle segments (Abyss:3)
81 creatures vanquished.

Grand Total: 912 creatures vanquished

Notes
Turn   | Place    | Note
--------------------------------------------------------------
     0 | D:1      | HEYYEYAAE the Draconian Ice Elementalist began the quest for the Orb.
     0 | D:1      | Reached XP level 1. HP: 14/14 MP: 3/3
   375 | D:1      | Reached XP level 2. HP: 22/22 MP: 3/5
  1033 | D:2      | Noticed Terence
  1061 | D:2      | Killed Terence
  1061 | D:2      | Reached skill level 1 in Fighting
  1061 | D:2      | Reached XP level 3. HP: 26/28 MP: 4/6
  1589 | D:2      | Reached XP level 4. HP: 17/35 MP: 1/7
  1909 | D:2      | Noticed Jessica
  1915 | D:2      | Killed Jessica
  1915 | D:2      | Reached skill level 4 in Ice Magic
  2885 | D:3      | Reached XP level 5. HP: 36/41 MP: 4/9
  3501 | D:4      | Reached XP level 6. HP: 24/50 MP: 7/11
  3801 | D:4      | Found a stormy altar of Qazlal.
  3868 | D:4      | Reached skill level 5 in Ice Magic
  4228 | D:4      | Your scales start taking on a dull iron-grey colour.
  4228 | D:4      | Reached XP level 7. HP: 57/57 MP: 11/13
  4228 | D:4      | Gained mutation: You can survive without breathing. [Grey Draconian growth]
  4277 | D:4      | Found Panireclyl's General Store.
  4290 | D:4      | Bought a +0 pair of gloves of dexterity for 149 gold pieces
  4290 | D:4      | Bought a slice of pizza for 19 gold pieces
  4544 | D:5      | Entered Level 5 of the Dungeon
  4732 | D:5      | Found a glowing drain.
  4747 | Sewer    | Entered a sewer
  4867 | Sewer    | Reached skill level 6 in Ice Magic
  5417 | D:5      | Found a staircase to the Ecumenical Temple.
  5447 | Temple   | Entered the Ecumenical Temple
  5641 | Temple   | Became a worshipper of Kikubaaqudgha
  6009 | D:5      | Reached skill level 5 in Spellcasting
  6009 | D:5      | Reached XP level 8. HP: 57/66 MP: 12/15
  6444 | D:5      | Reached skill level 1 in Evocations
  7228 | D:7      | Reached * piety under Kikubaaqudgha
  7228 | D:7      | Received a gift from Kikubaaqudgha
  7234 | D:7      | Identified Kikubaaqudgha's Collected Works on Necromancy (Kikubaaqudgha gifted it to you on level 7 of the Dungeon)
  7387 | D:7      | Found an opulent altar of Gozag.
  7393 | D:7      | Noticed Menkaure
  7529 | D:7      | Reached skill level 7 in Ice Magic
  7620 | D:7      | Found Tyqeusuw's Jewellery Boutique.
  7770 | D:7      | Killed Menkaure
  7770 | D:7      | Reached skill level 5 in Fighting
  7770 | D:7      | Reached XP level 9. HP: 74/74 MP: 18/18
  8336 | D:8      | Reached ** piety under Kikubaaqudgha
  8451 | D:8      | Found a staircase to the Lair.
  8462 | D:8      | Reached skill level 8 in Ice Magic
  8589 | D:8      | Reached skill level 5 in Dodging
  8656 | D:8      | Found a burning altar of Makhleb.
  8724 | D:8      | Learned a level 4 spell: Throw Icicle
  8729 | D:8      | Learned a level 4 spell: Summon Ice Beast
  8732 | D:8      | Learned a level 2 spell: Blink
  8789 | D:8      | Found a radiant altar of Vehumet.
  8875 | D:8      | Found a blossoming altar of Fedhas.
  8876 | D:8      | Found a sparkling altar of Nemelex Xobeh.
  9078 | Lair:1   | Entered Level 1 of the Lair of Beasts
  9145 | Lair:1   | Reached XP level 10. HP: 43/83 MP: 21/21
  9335 | Lair:1   | Noticed a spiny frog
  9345 | Lair:1   | Killed a spiny frog
  9441 | Lair:1   | Noticed a spiny frog
  9449 | Lair:1   | Killed a spiny frog
  9547 | Lair:1   | Reached skill level 9 in Ice Magic
  9559 | Lair:1   | Reached *** piety under Kikubaaqudgha
  9559 | Lair:1   | Received a gift from Kikubaaqudgha
  9560 | Lair:1   | Identified Kikubaaqudgha's Disquisition on Dark Secrets (Kikubaaqudgha gifted it to you on level 1 of the Lair of Beasts)
  9662 | Lair:1   | Noticed a spiny frog
  9702 | Lair:1   | Killed a spiny frog
  9708 | Lair:1   | Reached skill level 5 in Evocations
  9800 | Lair:1   | Noticed a spiny frog
  9810 | Lair:1   | Killed a spiny frog
  9894 | Lair:1   | Noticed Fannar
  9922 | Lair:1   | Killed Fannar
 10010 | Lair:1   | Noticed a spiny frog
 10016 | Lair:1   | Killed a spiny frog
 10016 | Lair:1   | Reached XP level 11. HP: 62/92 MP: 24/24
 10103 | Lair:1   | Noticed a seven-headed hydra
 10115 | Lair:1   | Killed a seven-headed hydra
 10115 | Lair:1   | Reached skill level 10 in Ice Magic
 11493 | Lair:3   | Reached **** piety under Kikubaaqudgha
 12411 | Lair:4   | Found a staircase to the Snake Pit.
 12415 | Lair:4   | Reached skill level 10 in Spellcasting
 12503 | Lair:4   | Reached skill level 11 in Ice Magic
 12938 | Lair:4   | Reached XP level 12. HP: 102/102 MP: 26/26
 12974 | Lair:4   | Learned a level 2 spell: Shroud of Golubria
 12977 | Lair:4   | Learned a level 2 spell: Sublimation of Blood
 12981 | Lair:4   | Learned a level 3 spell: Ozocubu's Armour
 12984 | Lair:4   | Learned a level 2 spell: Throw Frost
 12988 | Lair:4   | Learned a level 3 spell: Vampiric Draining
 13016 | Lair:4   | Found a staircase to the Shoals.
 13652 | Lair:5   | Noticed a death yak
 13654 | Lair:5   | Noticed a death yak
 13654 | Lair:5   | Noticed a death yak
 13656 | Lair:5   | Noticed a death yak
 13657 | Lair:5   | Noticed a death yak
 13694 | Lair:4   | Killed a death yak
 13787 | Lair:4   | Reached ***** piety under Kikubaaqudgha
 13790 | Lair:4   | Killed a death yak
 13907 | Lair:4   | Banished a death yak
 14047 | Lair:5   | Noticed a death yak
 14092 | Lair:5   | Killed a death yak
 14096 | Lair:5   | Killed a death yak
 14100 | Lair:5   | Killed a death yak
 14195 | Lair:5   | Noticed a seven-headed hydra
 14493 | Lair:5   | Killed a seven-headed hydra
 14743 | Lair:5   | Reached skill level 12 in Ice Magic
 15451 | Lair:6   | Noticed a five-headed hydra
 15472 | Lair:6   | Killed a five-headed hydra
 15590 | Lair:6   | Noticed Kirke
 16212 | Lair:6   | Reached XP level 13. HP: 111/111 MP: 27/28
 16679 | Lair:7   | Reached ****** piety under Kikubaaqudgha
 17303 | Lair:8   | Entered Level 8 of the Lair of Beasts
 17438 | Lair:8   | Killed Kirke
 17887 | Lair:8   | Reached skill level 13 in Ice Magic
 17976 | Lair:8   | Reached skill level 10 in Fighting
 18173 | Lair:8   | Found a runed door.
 18173 | Lair:8   | Found a viscous altar of Jiyva.
 18173 | Lair:8   | Found a staircase to the Slime Pits.
 18555 | Lair:8   | Noticed a dire elephant
 18594 | Lair:8   | Killed a dire elephant
 18801 | Lair:8   | Found a burning altar of Makhleb.
 19579 | Lair:8   | Found a gateway to Hell.
 20117 | D:9      | Noticed Maurice
 20128 | D:9      | Killed Maurice
 20128 | D:9      | Reached XP level 14. HP: 122/122 MP: 30/30
 20375 | D:9      | Learned a level 1 spell: Summon Butterflies
 20904 | D:10     | Entered Level 10 of the Dungeon
 21146 | D:10     | Found a flagged portal.
 21157 | Bailey   | Entered a bailey
 22187 | D:10     | Got a steaming war axe
 22188 | D:10     | Identified the +4 war axe of Mewuulish {freeze, rN+ Dex+2} (You found it on level 10 of the Dungeon)
 22328 | D:11     | Found a staircase to the Orcish Mines.
 23189 | Orc:1    | Entered Level 1 of the Orcish Mines
 23938 | Orc:1    | Noticed a fire giant
 23965 | Orc:1    | Killed a fire giant
 23982 | Orc:1    | Reached skill level 14 in Ice Magic
 24132 | Orc:1    | Got a dazzling broad axe
 24134 | Orc:1    | Identified the +1 broad axe "Wyumomup" {holy, Str+4 Int+2} (You found it on level 1 of the Orcish Mines)
 24147 | Orc:1    | Got a slimy rapier
 24148 | Orc:1    | Identified the +1 rapier of Karma {holy, rF+ Str+4} (You found it on level 1 of the Orcish Mines)
 24151 | Orc:1    | Got a jewelled spear
 24152 | Orc:1    | Identified the +2 spear "Orb Guardian's Foe" {pierce, rPois} (You found it on level 1 of the Orcish Mines)
 24603 | Orc:2    | Entered Level 2 of the Orcish Mines
 24678 | Orc:2    | Noticed Azrael
 24710 | Orc:2    | Noticed Nessos
 24896 | Orc:2    | Killed Azrael
 25002 | Orc:2    | Found a staircase to the Elven Halls.
 25167 | Orc:2    | Killed Nessos
 25314 | Orc:2    | Found a roughly hewn altar of Beogh.
 25364 | Orc:2    | Noticed Saint Roka
 25996 | Orc:1    | Killed Saint Roka
 26862 | Orc:1    | Reached XP level 15. HP: 130/130 MP: 27/32
 27044 | Orc:2    | Found Xifrubb's Antique Armour Emporium.
 27044 | Orc:2    | Found Owyiw's General Store.
 27046 | Orc:2    | Found Ugiurali's Weapon Emporium.
 27046 | Orc:2    | Found Xizximox's General Store.
 27064 | Orc:2    | Bought an embroidered cloak for 112 gold pieces
 27064 | Orc:2    | Bought a pair of heavily runed gloves for 237 gold pieces
 27075 | Orc:2    | Identified the cursed +0 pair of gloves of Kikubaaqudgha's Anger {rCorr Str+2 Dex+4} (You bought it in a shop on level 2 of the Orcish Mines)
 27105 | Orc:2    | Bought a scroll of teleportation for 48 gold pieces
 27105 | Orc:2    | Bought a potion of heal wounds for 80 gold pieces
 27105 | Orc:2    | Bought a meat ration for 80 gold pieces
 27107 | Orc:2    | Bought a potion of curing for 45 gold pieces
 27107 | Orc:2    | Bought a bread ration for 75 gold pieces
 27107 | Orc:2    | Bought a scroll of holy word for 112 gold pieces
 27107 | Orc:2    | Bought a scroll of magic mapping for 52 gold pieces
 28175 | D:12     | Cast into level 3 of the Abyss (deep elf mage)
 28248 | Abyss:3  | Noticed a tentacled starspawn
 28271 | Abyss:3  | Noticed a bone dragon
 28508 | Abyss:3  | Noticed a bone dragon
 28661 | Abyss:3  | Reached skill level 1 in Staves
 28725 | Abyss:3  | Found a corrupted altar of Lugonu.
 28886 | Abyss:3  | Found a corrupted altar of Lugonu.
 29044 | Abyss:3  | Noticed a deep elf sorcerer
 29048 | Abyss:3  | Found a corrupted altar of Lugonu.
 29070 | Abyss:4  | Gained mutation: Potions and wands are less effective at restoring your health. [a neqoxec]
 29081 | Abyss:4  | Gained mutation: You occasionally shout uncontrollably at your foes. [a neqoxec]
 29089 | Abyss:4  | Found a corrupted altar of Lugonu.
 29127 | Abyss:4  | Noticed a bone dragon
 29159 | Abyss:4  | Noticed a kraken
 29160 | Abyss:4  | HP: 1/130 [spatial vortex[a spatial maelstrom] (11)]
 29160 | Abyss:4  | Mangled by a spatial vortex

Skill      XL: |  1  2  3  4  5  6  7  8  9 10 11 12 13 14 15 |
---------------+----------------------------------------------+-----
Dodging        | 2 3 4 5 6 7 8 9 |  9.7
Fighting       | 1 2 3 4 5 6 7 8 9 10 11 | 11.6
Ice Magic      | 4 5 6 7 8 9 11 12 13 14 | 14.5
Spellcasting   | 3 4 5 6 7 9 10 11 12 13 | 13.5
Evocations     | 2 4 5 6 7 8 9 |  9.8
Staves         | 1 |  1.0
Stealth        | |  1.7
Conjurations   | |  1.0

Action                   |  1- 3 |  4- 6 |  7- 9 | 10-12 | 13-15 || total
-------------------------+-------+-------+-------+-------+-------++-------
Melee: Unarmed           |    70 |       |       |     5 |       ||    75
       Spear             |    53 |    73 |       |       |       ||   126
       Tailslap          |     6 |    11 |    46 |   116 |   113 ||   292
       Mace              |       |   104 |   483 |   693 |   837 ||  2117
       Whip              |       |     2 |       |       |       ||     2
       Quarterstaff      |       |       |       |    15 |       ||    15
       Staff             |       |       |       |       |     2 ||     2
 Cast: Freeze            |    46 |    45 |    37 |    10 |       ||   138
       Summon Ice Beast  |       |       |       |    87 |   190 ||   277
       Throw Icicle      |       |       |       |     4 |    89 ||    93
       Throw Frost       |       |       |       |       |    92 ||    92
Evoke: Wand              |       |       |     5 |    24 |   115 ||   144
       Phantom mirror    |       |       |       |     1 |       ||     1
       Deck              |       |       |       |     4 |       ||     4
       Lamp of fire      |       |       |       |       |     3 ||     3
       Sack of spiders   |       |       |       |       |    12 ||    12
  Use: Potion            |     1 |     1 |       |     3 |    22 ||    27
       Scroll            |       |     7 |    12 |     7 |    27 ||    53
 Stab: Sleeping          |     3 |     5 |    10 |     1 |     4 ||    23
       Distracted        |       |     1 |     1 |     5 |    11 ||    18
       Paralysed         |       |       |    11 |    24 |     7 ||    42
       Confused          |       |       |       |       |     8 ||     8
  Eat: Chunk             |     2 |     7 |    12 |    18 |    22 ||    61
       Royal jelly       |       |     1 |       |     1 |     2 ||     4
       Fruit             |       |       |     4 |     1 |     4 ||     9
       Pizza             |       |       |     1 |     3 |     1 ||     5
       Beef jerky        |       |       |     1 |       |     3 ||     4
       Bread ration      |       |       |       |       |     4 ||     4
Armor: Skin              |    51 |    43 |   301 |   336 |   495 ||  1226
Dodge: Dodged            |   101 |   143 |   541 |   869 |  1167 ||  2821
Block: Shield            |       |       |       |       |   150 ||   150
